Canucks vs Panthers
(R1)
Created - May 15, 2019 at 19:07
Goals
|
| Canucks |
2 |
0 |
1 |
3 |
| Panthers |
2 |
1 |
1 |
4 |
|
Shots
|
| Canucks |
18 |
9 |
13 |
40 |
| Panthers |
11 |
10 |
11 |
32 |
|
1st period
1. Canucks , Chris Higgins 3 (Nick Palmieri 2, Matt Stajan 4) at 5:15 (PP)
2. Panthers , Jonathan Matsumoto 1 (Patrick Eaves 1, Jonathan Sigalet 1) at 10:55
3. Panthers , Alex Galchenyuk 3 (Matt Duchene 2, Tomas Kopecky 3) at 19:03
4. Canucks , Nik Antropov 1 (Derek Boogaard 1, Jamie McBain 2) at 19:59
Penalties :
Johan Franzen (Van) for Roughing (Minor) at 2:11, Radko Gudas (Flo) for Hooking (Minor) at 4:14, Tomas Kopecky (Flo) for Tripping (Minor) at 5:48, Alex Galchenyuk (Flo) for Holding Stick (Minor) at 11:43, Radko Gudas (Flo) for Roughing (Minor) at 16:54
2nd period
5. Panthers , Kyle Clifford 2 (Drew Stafford 1) at 18:28 (PP)
Penalties :
Mike Ribeiro (Van) for Hooking (Minor) at 3:36, Martins Karsums (Van) for Tripping (Minor) at 8:58, Nick Palmieri (Van) for Elbowing (Minor) at 17:53, Clarke MacArthur (Van) for Hooking (Minor) at 18:58, Scott Gomez (Van) for Roughing (Minor) at 19:45
3rd period
6. Panthers , Kyle Clifford 3 (Drew Stafford 2, Erik Christensen 1) at 8:37
7. Canucks , Mike Ribeiro 1 (Jamie McBain 3, Brad Boyes 2) at 11:42
Penalties :
Alex Galchenyuk (Flo) for Roughing (Minor) at 15:31
Goalie Stats
Alex Stalock (Van), 28 saves from 32 shots - (0.875), L, 0-1-0, 58:46 minutes
Antti Niemi (Flo), 37 saves from 40 shots - (0.925), W, 1-2-0, 60:00 minutes
Players Stats for Canucks
Player Name G A P +/- PIM S H SB GA TA FO MP PP MP PK MP
------------------------------------------------------------------------------------
Brad Boyes 0 1 1 0 0 9 2 0 1 0 1/1 23:19 4:55 2:24
Chris Campoli 0 0 0 -1 0 0 0 1 0 0 0/0 19:26 3:54 2:48
Chris Higgins 1 0 1 0 0 3 1 0 0 0 0/1 14:51 4:01 1:12
Clarke MacArthur 0 0 0 0 2 5 1 0 0 0 0/0 23:02 4:55 2:08
Danny DeKeiser 0 0 0 -1 0 0 0 0 0 0 0/0 9:52 0:00 0:19
Derek Boogaard 0 1 1 -1 0 1 1 0 0 0 0/0 9:55 0:01 0:00
Jamie McBain 0 2 2 1 0 8 2 2 0 0 0/0 30:42 5:03 6:11
Johan Franzen 0 0 0 -1 2 1 2 0 0 0 0/0 9:55 0:01 0:00
Justin Falk 0 0 0 -1 0 1 0 3 0 0 0/0 9:52 0:00 0:19
Ladislav Smid 0 0 0 -1 0 1 0 0 0 2 0/0 19:26 3:54 2:48
Martins Karsums 0 0 0 0 2 0 1 0 0 1 0/0 6:09 0:00 0:00
Matt Stajan 0 1 1 0 0 2 0 0 0 0 9/15 18:04 4:01 4:23
Mike Ribeiro 1 0 1 0 2 2 1 1 2 0 26/51 25:27 4:55 4:28
Nick Palmieri 0 1 1 0 2 1 0 0 0 1 0/0 13:32 4:01 0:00
Nik Antropov 1 0 1 -1 0 3 1 0 0 0 3/9 11:11 0:01 1:08
Ryan Hollweg 0 0 0 0 0 0 0 0 0 0 0/0 6:05 0:00 0:00
Scott Gomez 0 0 0 0 2 2 1 0 0 1 2/5 7:54 0:00 1:40
Steve Montador 0 0 0 1 0 1 1 3 0 1 0/0 30:42 5:03 6:11
Players Stats for Panthers
Player Name G A P +/- PIM S H SB GA TA FO MP PP MP PK MP
------------------------------------------------------------------------------------
Alex Galchenyuk 1 0 1 0 4 6 3 0 1 0 1/2 20:23 5:22 0:14
Daniel Sedin 0 0 0 -1 0 0 1 0 1 0 0/1 10:28 0:03 0:31
Drew Stafford 0 2 2 1 0 2 3 2 1 0 0/1 20:34 3:53 5:08
Erik Christensen 0 1 1 1 0 4 1 0 0 0 9/18 14:14 3:53 0:00
Erik Gudbranson 0 0 0 -1 0 4 0 2 0 2 0/0 31:27 6:00 5:36
Jean-Gabriel Pageau 0 0 0 -1 0 1 0 1 1 0 8/18 16:06 0:03 5:08
Jonathan Matsumoto 1 0 1 1 0 1 0 1 0 0 4/4 8:45 0:00 3:01
Jonathan Sigalet 0 1 1 -1 0 1 2 5 2 0 0/0 29:05 6:00 4:57
Kyle Clifford 2 0 2 1 0 5 3 0 0 0 0/1 18:30 3:53 3:01
Matt Duchene 0 1 1 0 0 3 0 0 0 0 18/35 19:56 5:22 0:00
Matt Irwin 0 0 0 2 0 0 2 0 0 0 0/0 15:38 3:18 0:00
Mike Weber 0 0 0 0 0 1 0 1 0 0 0/0 12:55 0:00 3:21
Patrick Eaves 0 1 1 1 0 1 0 0 0 0 1/1 6:33 0:03 0:00
Peter Worrell 0 0 0 1 0 1 1 0 0 0 0/0 5:40 0:00 0:00
Radko Gudas 0 0 0 2 4 0 1 1 0 0 0/0 20:56 3:18 3:18
Steve Quailer 0 0 0 -1 0 1 2 0 0 0 0/0 9:55 0:00 0:51
Tomas Kopecky 0 1 1 0 2 1 1 1 0 1 0/1 19:55 5:22 0:00
William Colbert 0 0 0 0 0 0 1 3 0 0 0/0 9:58 0:00 0:42
3 Stars
1 - Kyle Clifford (Flo)
2 - Drew Stafford (Flo)
3 - Jamie McBain (Van)
Power Play
Canucks - 1 on 5 Attempt(s) - 20.00%
Panthers - 1 on 6 Attempt(s) - 16.67%
Penalty Kill
Canucks - 5 on 6 Attempt(s) - 83.33%
- Score 0 goal in Penalty Kill
Panthers - 4 on 5 Attempt(s) - 80.00%
- Score 0 goal in Penalty Kill
Team Stat
Canucks - Hits : 14 - Faceoff Wins : 41 - Blocked Shots : 10 - Penalty Minutes : 12
Panthers - Hits : 21 - Faceoff Wins : 41 - Blocked Shots : 17 - Penalty Minutes : 10
Official
Referees : Unknown
Linesman : Unknown
Game Notes
Jonathan Sigalet is injured at 17:58 of 3rd period (Sore Right Knee)
Finance
Level 1 -- Attendance: 6000 (100.00%) -- Ticket Income $528,000
Level 2 -- Attendance: 5000 (100.00%) -- Ticket Income $275,000
Level 3 -- Attendance: 1315 (65.75%) -- Ticket Income $65,750
Level 4 -- Attendance: 3074 (76.85%) -- Ticket Income $98,368
Luxury Box -- Attendance: 1000 (100.00%) -- Ticket Income $145,000
Game was played at the Bank Atlantic Cente.
Total Attendance: 16389 (91.05%)
Total Ticket Income: $1,112,118
Other Income: $166,818
Total Income: $1,278,936
Canucks
5 vs 5 Forward
Center Left Wing Right Wing Time % Phy DF OF
1 Mike Ribeiro Clarke MacArthur Brad Boyes 40 1 2 2
2 Matt Stajan Chris Higgins Nick Palmieri 30 1 2 2
3 Nik Antropov Derek Boogaard Johan Franzen 20 1 2 2
4 Scott Gomez Ryan Hollweg Martins Karsums 10 1 2 2
5 vs 5 Defense
Defense Defense Time % Phy DF OF
1 Steve Montador Jamie McBain 40 1 2 2
2 Ladislav Smid Chris Campoli 30 1 2 2
3 Danny DeKeiser Justin Falk 20 1 2 2
4 Steve Montador Jamie McBain 10 1 2 2
PowerPlay Forward
Center Left Wing Right Wing Time % Phy DF OF
1 Mike Ribeiro Clarke MacArthur Brad Boyes 60 1 2 2
2 Matt Stajan Chris Higgins Nick Palmieri 40 1 2 2
PowerPlay Defense
Defense Defense Time % Phy DF OF
1 Steve Montador Jamie McBain 60 1 2 2
2 Ladislav Smid Chris Campoli 40 1 2 2
Penalty Kill 4 Players Forward
Center Wing Time % Phy DF OF
1 Mike Ribeiro Matt Stajan 60 1 2 2
2 Brad Boyes Clarke MacArthur 40 1 2 2
Penalty Kill 4 Players Defense
Defense Defense Time % Phy DF OF
1 Steve Montador Jamie McBain 60 1 2 2
2 Ladislav Smid Chris Campoli 40 1 2 2
Penalty Kill - 3 Players Forward
Forward Time % Phy DF OF
1 Mike Ribeiro 60 1 2 2
2 Matt Stajan 40 1 2 2
Penalty Kill - 3 Players Defense
Defense Defense Time % Phy DF OF
1 Steve Montador Jamie McBain 60 1 2 2
2 Ladislav Smid Chris Campoli 40 1 2 2
4 vs 4 Forward
Center Wing Time % Phy DF OF
1 Mike Ribeiro Matt Stajan 60 1 2 2
2 Brad Boyes Clarke MacArthur 40 1 2 2
4 vs 4 Defense
Defense Defense Time % Phy DF OF
1 Steve Montador Jamie McBain 60 1 2 2
2 Ladislav Smid Chris Campoli 40 1 2 2
Last Minutes Offensive
Center Left Wing Right Wing Defense Defense
Mike Ribeiro Clarke MacArthur Brad Boyes Steve Montador Jamie McBain
Last Minutes Defensive
Center Left Wing Right Wing Defense Defense
Mike Ribeiro Clarke MacArthur Brad Boyes Steve Montador Jamie McBain
Goaltenders
Starting : Alex Stalock
Backup : Michal Neuvirth
Extra Forwards
Normal : Derek Boogaard, Nik Antropov, Scott Gomez - PP : Derek Boogaard, Nik Antropov - PK : Scott Gomez
Extra Defensemen
Normal : Danny DeKeiser, Justin Falk, Ladislav Smid - PP : Danny DeKeiser - PK : Justin Falk, Ladislav Smid
Penalty Shots
Mike Ribeiro, Matt Stajan, Brad Boyes, Clarke MacArthur, Chris Higgins
Scratches
Alex Goligoski (Suspend)
Panthers
5 vs 5 Forward
Center Left Wing Right Wing Time % Phy DF OF
1 Matt Duchene Alex Galchenyuk Tomas Kopecky 40 1 2 2
2 Erik Christensen Kyle Clifford Drew Stafford 30 1 2 2
3 Jean-Gabriel Pageau Daniel Sedin Steve Quailer 20 1 2 2
4 Jonathan Matsumoto Peter Worrell Patrick Eaves 10 1 2 2
5 vs 5 Defense
Defense Defense Time % Phy DF OF
1 Erik Gudbranson Jonathan Sigalet 40 1 2 2
2 Radko Gudas Matt Irwin 30 1 2 2
3 Mike Weber William Colbert 20 1 2 2
4 Erik Gudbranson Jonathan Sigalet 10 1 2 2
PowerPlay Forward
Center Left Wing Right Wing Time % Phy DF OF
1 Matt Duchene Alex Galchenyuk Tomas Kopecky 60 1 2 2
2 Erik Christensen Kyle Clifford Drew Stafford 40 1 2 2
PowerPlay Defense
Defense Defense Time % Phy DF OF
1 Erik Gudbranson Jonathan Sigalet 60 1 2 2
2 Radko Gudas Matt Irwin 40 1 2 2
Penalty Kill 4 Players Forward
Center Wing Time % Phy DF OF
1 Jean-Gabriel Pageau Drew Stafford 60 1 2 2
2 Jonathan Matsumoto Kyle Clifford 40 1 2 2
Penalty Kill 4 Players Defense
Defense Defense Time % Phy DF OF
1 Erik Gudbranson Radko Gudas 60 1 2 2
2 Jonathan Sigalet Mike Weber 40 1 2 2
Penalty Kill - 3 Players Forward
Forward Time % Phy DF OF
1 Drew Stafford 60 1 2 2
2 Kyle Clifford 40 1 2 2
Penalty Kill - 3 Players Defense
Defense Defense Time % Phy DF OF
1 Erik Gudbranson Radko Gudas 60 1 2 2
2 Jonathan Sigalet Mike Weber 40 1 2 2
4 vs 4 Forward
Center Wing Time % Phy DF OF
1 Matt Duchene Alex Galchenyuk 60 1 2 2
2 Erik Christensen Tomas Kopecky 40 1 2 2
4 vs 4 Defense
Defense Defense Time % Phy DF OF
1 Erik Gudbranson Jonathan Sigalet 60 1 2 2
2 Radko Gudas Matt Irwin 40 1 2 2
Last Minutes Offensive
Center Left Wing Right Wing Defense Defense
Matt Duchene Kyle Clifford Tomas Kopecky Erik Gudbranson Jonathan Sigalet
Last Minutes Defensive
Center Left Wing Right Wing Defense Defense
Jean-Gabriel Pageau Kyle Clifford Drew Stafford Erik Gudbranson Jonathan Sigalet
Goaltenders
Starting : Antti Niemi
Backup : Petr Mrazek
Extra Forwards
Normal : Alex Galchenyuk, Jean-Gabriel Pageau, Kyle Clifford - PP : Drew Stafford, Kyle Clifford - PK : Steve Quailer
Extra Defensemen
Normal : Radko Gudas, Erik Gudbranson, Jonathan Sigalet - PP : Mike Weber - PK : Jonathan Sigalet, Erik Gudbranson
Penalty Shots
Alex Galchenyuk, Matt Duchene, Drew Stafford, Jean-Gabriel Pageau, Kyle Clifford
Scratches
Nigel Dawes (Healthy)
% Time on Ice - Canucks
Lines # - Real PCT - Wanted PCT - Time Play
Normal Forward
1 - 38% - 40% - 15:22
2 - 24% - 30% - 9:32
3 - 24% - 20% - 9:35
4 - 15% - 10% - 6:05
Normal Defense
1 - 44% - 40% - 17:48
2 - 31% - 30% - 12:44
3 - 24% - 20% - 9:33
4 - 1% - 10% - 0:29
PP Forward
1 - 55% - 60% - 4:56
2 - 45% - 40% - 4:01
PP Defense
1 - 56% - 60% - 5:03
2 - 44% - 40% - 3:54
PK Forward
1 - 71% - 60% - 5:46
2 - 29% - 40% - 2:20
PK Defense
1 - 68% - 60% - 5:32
2 - 32% - 40% - 2:34
PK3 Forward
1 - 100% - 60% - 1:12
2 - 0% - 40% - 0:00
PK3 Defense
1 - 81% - 60% - 0:58
2 - 19% - 40% - 0:14
44 Forward
1 - 0% - 60%
2 - 0% - 40%
44 Defense
1 - 0% - 60%
2 - 0% - 40%
Last Minute Offensive - 1:11
Last Minute Defensive - 0:00
Total
Forward - 60:00
Defense - 60:00
|
% Time on Ice - Panthers
Lines # - Real PCT - Wanted PCT - Time Play
Normal Forward
1 - 38% - 40% - 15:36
2 - 26% - 30% - 10:25
3 - 22% - 20% - 8:53
4 - 14% - 10% - 5:40
Normal Defense
1 - 44% - 40% - 17:49
2 - 31% - 30% - 12:38
3 - 23% - 20% - 9:15
4 - 2% - 10% - 0:52
PP Forward
1 - 58% - 60% - 5:25
2 - 42% - 40% - 3:53
PP Defense
1 - 65% - 60% - 6:00
2 - 35% - 40% - 3:18
PK Forward
1 - 66% - 60% - 5:56
2 - 34% - 40% - 3:01
PK Defense
1 - 70% - 60% - 6:18
2 - 30% - 40% - 2:39
PK3 Forward
1 - 0% - 60%
2 - 0% - 40%
PK3 Defense
1 - 0% - 60%
2 - 0% - 40%
44 Forward
1 - 0% - 60%
2 - 0% - 40%
44 Defense
1 - 0% - 60%
2 - 0% - 40%
Last Minute Offensive - 0:00
Last Minute Defensive - 1:11
Total
Forward - 60:00
Defense - 60:00
|
Play-by-Play
1st period
0:01 of 1st period - Matt Duchene wins face-off versus Mike Ribeiro in neutral zone.
0:26 of 1st period - Matt Stajan is hit by Kyle Clifford and loses puck.
1:08 of 1st period - Mike Weber is hit by Scott Gomez and loses puck.
1:17 of 1st period - Snap shot by Scott Gomez.
1:17 of 1st period - Shot Blocked by William Colbert.
1:19 of 1st period - Slapshot by Ladislav Smid.
1:19 of 1st period - Deflect By Scott Gomez.
1:19 of 1st period - Shot Misses the Net.
1:19 of 1st period - Puck is out of play.
1:20 of 1st period - Mike Ribeiro wins face-off versus Matt Duchene in Panthers zone.
1:21 of 1st period - Slapshot by Brad Boyes.
1:21 of 1st period - Stopped by Antti Niemi with a rebound.
1:23 of 1st period - Slapshot by Brad Boyes.
1:23 of 1st period - Shot Blocked by Tomas Kopecky.
1:25 of 1st period - Wrist shot by Clarke MacArthur.
1:25 of 1st period - Shot Blocked by Erik Gudbranson.
1:27 of 1st period - Slapshot by Danny DeKeiser.
1:27 of 1st period - Deflect By Clarke MacArthur.
1:27 of 1st period - Shot Misses the Net.
1:27 of 1st period - Puck is out of play.
1:28 of 1st period - Mike Ribeiro wins face-off versus Matt Duchene in Panthers zone.
2:11 of 1st period - Minor Penalty to Johan Franzen for Roughing.
2:12 of 1st period - Matt Duchene wins face-off versus Mike Ribeiro in Canucks zone.
2:24 of 1st period - Wrist shot by Tomas Kopecky.
2:24 of 1st period - Deflect By Matt Duchene.
2:24 of 1st period - Shot Blocked by Steve Montador.
2:24 of 1st period - Puck is out of play.
2:25 of 1st period - Matt Duchene wins face-off versus Mike Ribeiro in Canucks zone.
2:32 of 1st period - Wrist shot by Alex Galchenyuk.
2:32 of 1st period - Stopped by Alex Stalock with a rebound.
3:58 of 1st period - Snap shot by Scott Gomez.
3:58 of 1st period - Stopped by Antti Niemi without a rebound.
3:59 of 1st period - Scott Gomez wins face-off versus Matt Duchene in Panthers zone.
4:11 of 1st period - Penalty to Johan Franzen is over, Johan Franzen is back on ice.
4:14 of 1st period - Minor Penalty to Radko Gudas for Hooking.
4:15 of 1st period - Jean-Gabriel Pageau wins face-off versus Mike Ribeiro in Panthers zone.
4:50 of 1st period - Snap shot by Matt Stajan.
4:50 of 1st period - Stopped by Antti Niemi with a rebound.
5:05 of 1st period - Icing by Ladislav Smid.
5:06 of 1st period - Matt Stajan wins face-off versus Jean-Gabriel Pageau in Canucks zone.
5:15 of 1st period - Slapshot by Chris Higgins.
5:15 of 1st period - Goal by Chris Higgins - Canucks : 1 - Panthers : 0.
5:16 of 1st period - Matt Duchene wins face-off versus Mike Ribeiro in neutral zone.
5:21 of 1st period - Snap shot by Matt Duchene.
5:21 of 1st period - Deflect By Steve Montador.
5:21 of 1st period - Stopped by Alex Stalock with a rebound.
5:29 of 1st period - Snap shot by Matt Duchene.
5:29 of 1st period - Stopped by Alex Stalock without a rebound.
5:30 of 1st period - Mike Ribeiro wins face-off versus Erik Christensen in Canucks zone.
5:30 of 1st period - Mike Ribeiro is hit by Kyle Clifford.
5:35 of 1st period - Off-side.
5:36 of 1st period - Mike Ribeiro wins face-off versus Erik Christensen in neutral zone.
5:45 of 1st period - Slapshot by Jamie McBain.
5:45 of 1st period - Stopped by Antti Niemi without a rebound.
5:46 of 1st period - Matt Duchene wins face-off versus Matt Stajan in Panthers zone.
5:48 of 1st period - Minor Penalty to Tomas Kopecky for Tripping.
5:49 of 1st period - Mike Ribeiro wins face-off versus Jean-Gabriel Pageau in Panthers zone.
6:01 of 1st period - Slapshot by Jamie McBain.
6:01 of 1st period - Stopped by Antti Niemi with a rebound.
6:03 of 1st period - Slapshot by Clarke MacArthur.
6:03 of 1st period - Shot Blocked by Jean-Gabriel Pageau.
6:05 of 1st period - Snap shot by Jamie McBain.
6:05 of 1st period - Shot Misses the Net.
7:43 of 1st period - Nick Palmieri is hit by Drew Stafford.
7:48 of 1st period - Penalty to Tomas Kopecky is over, Tomas Kopecky is back on ice.
7:57 of 1st period - Ladislav Smid is hit by Alex Galchenyuk and loses puck.
8:11 of 1st period - Off-side.
8:12 of 1st period - Jonathan Matsumoto wins face-off versus Scott Gomez in neutral zone.
8:57 of 1st period - Wrist shot by Brad Boyes.
8:57 of 1st period - Shot Blocked by William Colbert.
8:59 of 1st period - Snap shot by Brad Boyes.
8:59 of 1st period - Stopped by Antti Niemi without a rebound.
9:00 of 1st period - Matt Stajan wins face-off versus Erik Christensen in Panthers zone.
9:01 of 1st period - Snap shot by Chris Higgins.
9:01 of 1st period - Shot Blocked by Erik Gudbranson.
9:25 of 1st period - Erik Gudbranson is hit by Mike Ribeiro and loses puck.
9:32 of 1st period - Wrist shot by Brad Boyes.
9:32 of 1st period - Stopped by Antti Niemi without a rebound.
9:33 of 1st period - Mike Ribeiro wins face-off versus Matt Duchene in Panthers zone.
9:34 of 1st period - Slapshot by Clarke MacArthur.
9:34 of 1st period - Stopped by Antti Niemi without a rebound.
9:35 of 1st period - Matt Duchene wins face-off versus Mike Ribeiro in Panthers zone.
9:42 of 1st period - Brad Boyes is hit by Alex Galchenyuk and loses puck.
10:22 of 1st period - Ladislav Smid is hit by Jonathan Sigalet and loses puck.
10:43 of 1st period - Slapshot by Jamie McBain.
10:43 of 1st period - Stopped by Antti Niemi with a rebound.
10:55 of 1st period - Snap shot by Jonathan Matsumoto.
10:55 of 1st period - Goal by Jonathan Matsumoto - Canucks : 1 - Panthers : 1.
10:56 of 1st period - Matt Stajan wins face-off versus Matt Duchene in neutral zone.
11:21 of 1st period - Erik Gudbranson is hit by Brad Boyes and loses puck.
11:30 of 1st period - Slapshot by Brad Boyes.
11:30 of 1st period - Stopped by Antti Niemi without a rebound.
11:31 of 1st period - Matt Duchene wins face-off versus Chris Higgins in Panthers zone.
11:43 of 1st period - Minor Penalty to Alex Galchenyuk for Holding Stick.
11:44 of 1st period - Jean-Gabriel Pageau wins face-off versus Mike Ribeiro in Panthers zone.
11:51 of 1st period - Snap shot by Drew Stafford.
11:51 of 1st period - Stopped by Alex Stalock without a rebound.
11:52 of 1st period - Mike Ribeiro wins face-off versus Jean-Gabriel Pageau in Canucks zone.
12:27 of 1st period - Slapshot by Matt Stajan.
12:27 of 1st period - Stopped by Antti Niemi with a rebound.
13:43 of 1st period - Penalty to Alex Galchenyuk is over, Alex Galchenyuk is back on ice.
13:56 of 1st period - Off-side.
13:57 of 1st period - Matt Duchene wins face-off versus Nik Antropov in neutral zone.
14:04 of 1st period - Backhand shot by Alex Galchenyuk.
14:04 of 1st period - Shot Misses the Net.
14:06 of 1st period - Slapshot by Radko Gudas.
14:06 of 1st period - Deflect By Matt Duchene.
14:06 of 1st period - Shot Misses the Net.
14:06 of 1st period - Puck is out of play.
14:07 of 1st period - Erik Christensen wins face-off versus Mike Ribeiro in Canucks zone.
14:14 of 1st period - Wrist shot by Erik Christensen.
14:14 of 1st period - Stopped by Alex Stalock without a rebound.
14:15 of 1st period - Erik Christensen wins face-off versus Mike Ribeiro in Canucks zone.
14:18 of 1st period - Wrist shot by Drew Stafford.
14:18 of 1st period - Shot Misses the Net.
14:24 of 1st period - Snap shot by Drew Stafford.
14:24 of 1st period - Stopped by Alex Stalock with a rebound.
14:40 of 1st period - Ladislav Smid is hit by Jonathan Sigalet and loses puck.
15:11 of 1st period - Slapshot by Johan Franzen.
15:11 of 1st period - Deflect By Derek Boogaard.
15:11 of 1st period - Shot Misses the Net.
15:11 of 1st period - Puck is out of play.
15:12 of 1st period - Erik Christensen wins face-off versus Mike Ribeiro in Panthers zone.
15:12 of 1st period - Erik Christensen is hit by Brad Boyes.
15:20 of 1st period - Snap shot by Erik Christensen.
15:20 of 1st period - Stopped by Alex Stalock with a rebound.
15:27 of 1st period - Icing by Mike Ribeiro.
15:28 of 1st period - Mike Ribeiro wins face-off versus Tomas Kopecky in Canucks zone.
15:37 of 1st period - Slapshot by Brad Boyes.
15:37 of 1st period - Stopped by Antti Niemi without a rebound.
15:38 of 1st period - Mike Ribeiro wins face-off versus Matt Duchene in Panthers zone.
15:45 of 1st period - Slapshot by Jamie McBain.
15:45 of 1st period - Stopped by Antti Niemi without a rebound.
15:46 of 1st period - Matt Duchene wins face-off versus Mike Ribeiro in Panthers zone.
15:59 of 1st period - Slapshot by Jamie McBain.
15:59 of 1st period - Deflect By Clarke MacArthur.
15:59 of 1st period - Stopped by Antti Niemi with a rebound.
16:13 of 1st period - Chris Higgins is hit by Steve Quailer and loses puck.
16:22 of 1st period - Wrist shot by Jean-Gabriel Pageau.
16:22 of 1st period - Stopped by Alex Stalock with a rebound.
16:34 of 1st period - Snap shot by Ladislav Smid.
16:34 of 1st period - Stopped by Antti Niemi without a rebound.
16:35 of 1st period - Nik Antropov wins face-off versus Erik Christensen in Panthers zone.
16:35 of 1st period - Nik Antropov is hit by Drew Stafford.
16:54 of 1st period - Minor Penalty to Radko Gudas for Roughing.
16:55 of 1st period - Jean-Gabriel Pageau wins face-off versus Mike Ribeiro in Panthers zone.
18:29 of 1st period - Icing by Nick Palmieri.
18:30 of 1st period - Mike Ribeiro wins face-off versus Jean-Gabriel Pageau in Canucks zone.
18:54 of 1st period - Penalty to Radko Gudas is over, Radko Gudas is back on ice.
19:03 of 1st period - Wrist shot by Alex Galchenyuk.
19:03 of 1st period - Goal by Alex Galchenyuk - Canucks : 1 - Panthers : 2.
19:04 of 1st period - Mike Ribeiro wins face-off versus Matt Duchene in neutral zone.
19:15 of 1st period - Wrist shot by Brad Boyes.
19:15 of 1st period - Stopped by Antti Niemi with a rebound.
19:38 of 1st period - Slapshot by Kyle Clifford.
19:38 of 1st period - Stopped by Alex Stalock with a rebound.
19:59 of 1st period - Snap shot by Nik Antropov.
19:59 of 1st period - Goal by Nik Antropov - Canucks : 2 - Panthers : 2.
Goals for this period are 2 for Canucks vs 2 for Panthers.
Shots for this period are 18 for Canucks vs 11 for Panthers.
2nd period
0:01 of 2nd period - Mike Ribeiro wins face-off versus Matt Duchene in neutral zone.
2:55 of 2nd period - Wrist shot by Alex Galchenyuk.
2:55 of 2nd period - Stopped by Alex Stalock with a rebound.
2:57 of 2nd period - Slapshot by Tomas Kopecky.
2:57 of 2nd period - Shot Blocked by Mike Ribeiro.
2:59 of 2nd period - Wrist shot by Tomas Kopecky.
2:59 of 2nd period - Shot Misses the Net.
3:01 of 2nd period - Snap shot by Tomas Kopecky.
3:01 of 2nd period - Stopped by Alex Stalock with a rebound.
3:03 of 2nd period - Snap shot by Alex Galchenyuk.
3:03 of 2nd period - Stopped by Alex Stalock with a rebound.
3:05 of 2nd period - Snap shot by Matt Duchene.
3:05 of 2nd period - Shot Misses the Net.
3:15 of 2nd period - Snap shot by Alex Galchenyuk.
3:15 of 2nd period - Stopped by Alex Stalock without a rebound.
3:16 of 2nd period - Erik Christensen wins face-off versus Matt Stajan in Canucks zone.
3:21 of 2nd period - Wrist shot by Erik Christensen.
3:21 of 2nd period - Shot Misses the Net.
3:23 of 2nd period - Slapshot by Erik Gudbranson.
3:23 of 2nd period - Stopped by Alex Stalock with a rebound.
3:25 of 2nd period - Wrist shot by Erik Gudbranson.
3:25 of 2nd period - Deflect By Kyle Clifford.
3:25 of 2nd period - Shot Misses the Net.
3:25 of 2nd period - Puck is out of play.
3:26 of 2nd period - Erik Christensen wins face-off versus Matt Stajan in Canucks zone.
3:27 of 2nd period - Slapshot by Kyle Clifford.
3:27 of 2nd period - Shot Misses the Net.
3:29 of 2nd period - Slapshot by Erik Gudbranson.
3:29 of 2nd period - Stopped by Alex Stalock without a rebound.
3:30 of 2nd period - Erik Christensen wins face-off versus Mike Ribeiro in Canucks zone.
3:36 of 2nd period - Minor Penalty to Mike Ribeiro for Hooking.
3:37 of 2nd period - Matt Duchene wins face-off versus Scott Gomez in Canucks zone.
5:36 of 2nd period - Penalty to Mike Ribeiro is over, Mike Ribeiro is back on ice.
6:25 of 2nd period - Wrist shot by Brad Boyes.
6:25 of 2nd period - Stopped by Antti Niemi without a rebound.
6:26 of 2nd period - Matt Stajan wins face-off versus Erik Christensen in Panthers zone.
6:54 of 2nd period - Nik Antropov is hit by William Colbert and loses puck.
7:07 of 2nd period - Slapshot by Jamie McBain.
7:07 of 2nd period - Stopped by Antti Niemi with a rebound.
7:09 of 2nd period - Wrist shot by Martins Karsums.
7:09 of 2nd period - Deflect By Scott Gomez.
7:09 of 2nd period - Stopped by Antti Niemi without a rebound.
7:10 of 2nd period - Patrick Eaves wins face-off versus Scott Gomez in Panthers zone.
7:10 of 2nd period - Patrick Eaves is hit by Martins Karsums.
7:24 of 2nd period - Slapshot by Ryan Hollweg.
7:24 of 2nd period - Shot Blocked by Jonathan Matsumoto.
7:34 of 2nd period - Ryan Hollweg is hit by Peter Worrell and loses puck.
8:31 of 2nd period - Slapshot by Ryan Hollweg.
8:31 of 2nd period - Shot Misses the Net.
8:51 of 2nd period - Snap shot by Jonathan Matsumoto.
8:51 of 2nd period - Shot Misses the Net.
8:53 of 2nd period - Wrist shot by Jonathan Matsumoto.
8:53 of 2nd period - Shot Blocked by Chris Campoli.
8:58 of 2nd period - Minor Penalty to Martins Karsums for Tripping.
8:59 of 2nd period - Matt Duchene wins face-off versus Mike Ribeiro in Canucks zone.
9:31 of 2nd period - Slapshot by Brad Boyes.
9:31 of 2nd period - Stopped by Antti Niemi with a rebound.
9:33 of 2nd period - Slapshot by Jamie McBain.
9:33 of 2nd period - Shot Blocked by Jonathan Sigalet.
9:57 of 2nd period - Mike Ribeiro is hit by Tomas Kopecky and loses puck.
10:09 of 2nd period - Icing by Radko Gudas.
10:10 of 2nd period - Mike Ribeiro wins face-off versus Drew Stafford in Panthers zone.
10:58 of 2nd period - Penalty to Martins Karsums is over, Martins Karsums is back on ice.
12:25 of 2nd period - Erik Gudbranson is hit by Jamie McBain and loses puck.
12:42 of 2nd period - Erik Gudbranson is hit by Johan Franzen and loses puck.
12:55 of 2nd period - Snap shot by Patrick Eaves.
12:55 of 2nd period - Shot Misses the Net.
14:02 of 2nd period - Brad Boyes is hit by Radko Gudas and loses puck.
14:28 of 2nd period - Snap shot by Nik Antropov.
14:28 of 2nd period - Stopped by Antti Niemi with a rebound.
14:30 of 2nd period - Slapshot by Nik Antropov.
14:30 of 2nd period - Shot Blocked by Jonathan Sigalet.
15:04 of 2nd period - Matt Stajan is hit by Daniel Sedin and loses puck.
15:46 of 2nd period - Snap shot by Derek Boogaard.
15:46 of 2nd period - Shot Misses the Net.
16:47 of 2nd period - Slapshot by Patrick Eaves.
16:47 of 2nd period - Deflect By Chris Campoli.
16:47 of 2nd period - Stopped by Alex Stalock without a rebound.
16:48 of 2nd period - Matt Duchene wins face-off versus Nik Antropov in Canucks zone.
16:49 of 2nd period - Slapshot by Alex Galchenyuk.
16:49 of 2nd period - Shot Blocked by Justin Falk.
17:17 of 2nd period - Snap shot by Clarke MacArthur.
17:17 of 2nd period - Stopped by Antti Niemi with a rebound.
17:19 of 2nd period - Snap shot by Clarke MacArthur.
17:19 of 2nd period - Shot Misses the Net.
17:21 of 2nd period - Wrist shot by Clarke MacArthur.
17:21 of 2nd period - Shot Blocked by Drew Stafford.
17:23 of 2nd period - Wrist shot by Clarke MacArthur.
17:23 of 2nd period - Stopped by Antti Niemi without a rebound.
17:24 of 2nd period - Erik Christensen wins face-off versus Matt Stajan in Panthers zone.
17:29 of 2nd period - Snap shot by Kyle Clifford.
17:29 of 2nd period - Shot Misses the Net.
17:31 of 2nd period - Slapshot by Erik Christensen.
17:31 of 2nd period - Stopped by Alex Stalock without a rebound.
17:32 of 2nd period - Erik Christensen wins face-off versus Matt Stajan in Canucks zone.
17:35 of 2nd period - Wrist shot by Kyle Clifford.
17:35 of 2nd period - Stopped by Alex Stalock with a rebound.
17:47 of 2nd period - Wrist shot by Kyle Clifford.
17:47 of 2nd period - Shot Misses the Net.
17:53 of 2nd period - Minor Penalty to Nick Palmieri for Elbowing.
17:54 of 2nd period - Mike Ribeiro wins face-off versus Matt Duchene in Canucks zone.
18:21 of 2nd period - Jamie McBain is hit by Drew Stafford and loses puck.
18:26 of 2nd period - Wrist shot by Drew Stafford.
18:26 of 2nd period - Shot Misses the Net.
18:28 of 2nd period - Snap shot by Kyle Clifford.
18:28 of 2nd period - Goal by Kyle Clifford - Canucks : 2 - Panthers : 3.
18:29 of 2nd period - Mike Ribeiro wins face-off versus Matt Duchene in neutral zone.
18:34 of 2nd period - Wrist shot by Mike Ribeiro.
18:34 of 2nd period - Shot Blocked by Jonathan Sigalet.
18:36 of 2nd period - Snap shot by Steve Montador.
18:36 of 2nd period - Stopped by Antti Niemi with a rebound.
18:38 of 2nd period - Backhand shot by Mike Ribeiro.
18:38 of 2nd period - Deflect By Brad Boyes.
18:38 of 2nd period - Stopped by Antti Niemi without a rebound.
18:39 of 2nd period - Matt Duchene wins face-off versus Mike Ribeiro in Panthers zone.
18:39 of 2nd period - Matt Duchene is hit by Steve Montador.
18:49 of 2nd period - Wrist shot by Erik Gudbranson.
18:49 of 2nd period - Deflect By Matt Duchene.
18:49 of 2nd period - Shot Misses the Net.
18:49 of 2nd period - Puck is out of play.
18:50 of 2nd period - Matt Duchene wins face-off versus Mike Ribeiro in Canucks zone.
18:53 of 2nd period - Snap shot by Matt Duchene.
18:53 of 2nd period - Shot Misses the Net.
18:58 of 2nd period - Minor Penalty to Clarke MacArthur for Hooking.
18:59 of 2nd period - Matt Duchene wins face-off versus Mike Ribeiro in Canucks zone.
19:29 of 2nd period - Brad Boyes is hit by Kyle Clifford.
19:35 of 2nd period - Slapshot by Jamie McBain.
19:35 of 2nd period - Shot Blocked by Jonathan Sigalet.
19:45 of 2nd period - Minor Penalty to Scott Gomez for Roughing.
19:46 of 2nd period - Matt Duchene wins face-off versus Mike Ribeiro in Canucks zone.
Goals for this period are 0 for Canucks vs 1 for Panthers.
Shots for this period are 9 for Canucks vs 10 for Panthers.
3rd period
0:01 of 3rd period - Mike Ribeiro wins face-off versus Alex Galchenyuk in neutral zone.
0:11 of 3rd period - Snap shot by Erik Gudbranson.
0:11 of 3rd period - Shot Blocked by Jamie McBain.
0:13 of 3rd period - Slapshot by Erik Gudbranson.
0:13 of 3rd period - Deflect By Tomas Kopecky.
0:13 of 3rd period - Shot Blocked by Steve Montador.
0:13 of 3rd period - Puck is out of play.
0:14 of 3rd period - Mike Ribeiro wins face-off versus Matt Duchene in Canucks zone.
0:27 of 3rd period - Wrist shot by Alex Galchenyuk.
0:27 of 3rd period - Shot Blocked by Steve Montador.
0:29 of 3rd period - Slapshot by Erik Gudbranson.
0:29 of 3rd period - Deflect By Matt Duchene.
0:29 of 3rd period - Shot Blocked by Jamie McBain.
0:29 of 3rd period - Puck is out of play.
0:30 of 3rd period - Mike Ribeiro wins face-off versus Matt Duchene in Canucks zone.
0:58 of 3rd period - Penalty to Clarke MacArthur is over, Clarke MacArthur is back on ice.
1:45 of 3rd period - Penalty to Scott Gomez is over, Scott Gomez is back on ice.
1:52 of 3rd period - Backhand shot by Steve Quailer.
1:52 of 3rd period - Stopped by Alex Stalock without a rebound.
1:53 of 3rd period - Scott Gomez wins face-off versus Jean-Gabriel Pageau in Canucks zone.
2:41 of 3rd period - Icing by Alex Galchenyuk.
2:42 of 3rd period - Brad Boyes wins face-off versus Matt Duchene in Panthers zone.
2:43 of 3rd period - Snap shot by Clarke MacArthur.
2:43 of 3rd period - Shot Misses the Net.
2:59 of 3rd period - Mike Ribeiro is hit by Alex Galchenyuk and loses puck.
3:08 of 3rd period - Snap shot by Matt Duchene.
3:08 of 3rd period - Stopped by Alex Stalock without a rebound.
3:09 of 3rd period - Matt Stajan wins face-off versus Erik Christensen in Canucks zone.
3:09 of 3rd period - Matt Stajan is hit by Matt Irwin.
4:45 of 3rd period - Wrist shot by Ryan Hollweg.
4:45 of 3rd period - Shot Misses the Net.
4:47 of 3rd period - Slapshot by Justin Falk.
4:47 of 3rd period - Shot Blocked by Jonathan Sigalet.
4:56 of 3rd period - Off-side.
4:57 of 3rd period - Nik Antropov wins face-off versus Jean-Gabriel Pageau in neutral zone.
5:08 of 3rd period - Slapshot by Nik Antropov.
5:08 of 3rd period - Stopped by Antti Niemi without a rebound.
5:09 of 3rd period - Matt Duchene wins face-off versus Mike Ribeiro in Panthers zone.
5:58 of 3rd period - Slapshot by Jamie McBain.
5:58 of 3rd period - Shot Misses the Net.
6:30 of 3rd period - Wrist shot by Alex Galchenyuk.
6:30 of 3rd period - Shot Misses the Net.
7:23 of 3rd period - Johan Franzen is hit by Erik Christensen and loses puck.
7:40 of 3rd period - Snap shot by Mike Ribeiro.
7:40 of 3rd period - Stopped by Antti Niemi without a rebound.
7:41 of 3rd period - Matt Stajan wins face-off versus Matt Duchene in Panthers zone.
7:50 of 3rd period - Snap shot by Chris Higgins.
7:50 of 3rd period - Stopped by Antti Niemi with a rebound.
7:52 of 3rd period - Slapshot by Ladislav Smid.
7:52 of 3rd period - Shot Blocked by Radko Gudas.
7:54 of 3rd period - Slapshot by Chris Campoli.
7:54 of 3rd period - Deflect By Nick Palmieri.
7:54 of 3rd period - Stopped by Antti Niemi with a rebound.
8:29 of 3rd period - Snap shot by Erik Christensen.
8:29 of 3rd period - Shot Blocked by Justin Falk.
8:33 of 3rd period - Wrist shot by Drew Stafford.
8:33 of 3rd period - Shot Blocked by Justin Falk.
8:37 of 3rd period - Slapshot by Kyle Clifford.
8:37 of 3rd period - Deflect By Danny DeKeiser.
8:37 of 3rd period - Goal by Kyle Clifford - Canucks : 2 - Panthers : 4.
8:38 of 3rd period - Mike Ribeiro wins face-off versus Erik Christensen in neutral zone.
8:40 of 3rd period - Off-side.
8:41 of 3rd period - Mike Ribeiro wins face-off versus Erik Christensen in neutral zone.
8:54 of 3rd period - Snap shot by Erik Christensen.
8:54 of 3rd period - Stopped by Alex Stalock without a rebound.
8:55 of 3rd period - Alex Galchenyuk wins face-off versus Mike Ribeiro in Canucks zone.
8:58 of 3rd period - Wrist shot by Alex Galchenyuk.
8:58 of 3rd period - Shot Misses the Net.
9:00 of 3rd period - Snap shot by Alex Galchenyuk.
9:00 of 3rd period - Stopped by Alex Stalock with a rebound.
9:02 of 3rd period - Slapshot by Erik Gudbranson.
9:02 of 3rd period - Stopped by Alex Stalock with a rebound.
9:04 of 3rd period - Slapshot by Jonathan Sigalet.
9:04 of 3rd period - Stopped by Alex Stalock without a rebound.
9:05 of 3rd period - Mike Ribeiro wins face-off versus Matt Duchene in Canucks zone.
9:12 of 3rd period - Wrist shot by Alex Galchenyuk.
9:12 of 3rd period - Shot Misses the Net.
9:14 of 3rd period - Slapshot by Erik Gudbranson.
9:14 of 3rd period - Stopped by Alex Stalock without a rebound.
9:15 of 3rd period - Matt Duchene wins face-off versus Mike Ribeiro in Canucks zone.
9:18 of 3rd period - Slapshot by Matt Duchene.
9:18 of 3rd period - Shot Misses the Net.
9:24 of 3rd period - Slapshot by Jamie McBain.
9:24 of 3rd period - Stopped by Antti Niemi without a rebound.
9:25 of 3rd period - Mike Ribeiro wins face-off versus Matt Duchene in Panthers zone.
9:26 of 3rd period - Wrist shot by Clarke MacArthur.
9:26 of 3rd period - Shot Misses the Net.
9:52 of 3rd period - Snap shot by Jamie McBain.
9:52 of 3rd period - Deflect By Matt Duchene.
9:52 of 3rd period - Stopped by Antti Niemi with a rebound.
11:42 of 3rd period - Snap shot by Mike Ribeiro.
11:42 of 3rd period - Goal by Mike Ribeiro - Canucks : 3 - Panthers : 4.
11:43 of 3rd period - Matt Stajan wins face-off versus Kyle Clifford in neutral zone.
11:48 of 3rd period - Snap shot by Chris Higgins.
11:48 of 3rd period - Stopped by Antti Niemi with a rebound.
12:49 of 3rd period - Wrist shot by Chris Higgins.
12:49 of 3rd period - Shot Blocked by Mike Weber.
12:53 of 3rd period - Snap shot by Chris Higgins.
12:53 of 3rd period - Shot Misses the Net.
12:55 of 3rd period - Slapshot by Matt Stajan.
12:55 of 3rd period - Deflect By Kyle Clifford.
12:55 of 3rd period - Shot Misses the Net.
12:55 of 3rd period - Puck is out of play.
12:56 of 3rd period - Matt Stajan wins face-off versus Jean-Gabriel Pageau in Panthers zone.
13:03 of 3rd period - Snap shot by Nick Palmieri.
13:03 of 3rd period - Shot Blocked by William Colbert.
13:15 of 3rd period - Jean-Gabriel Pageau is hit by Chris Higgins and loses puck.
13:25 of 3rd period - Icing by Chris Higgins.
13:26 of 3rd period - Erik Christensen wins face-off versus Matt Stajan in Canucks zone.
13:35 of 3rd period - Wrist shot by Chris Higgins.
13:35 of 3rd period - Shot Misses the Net.
13:37 of 3rd period - Slapshot by Chris Campoli.
13:37 of 3rd period - Deflect By Nick Palmieri.
13:37 of 3rd period - Shot Misses the Net.
13:37 of 3rd period - Puck is out of play.
13:38 of 3rd period - Nik Antropov wins face-off versus Erik Christensen in Panthers zone.
13:39 of 3rd period - Wrist shot by Derek Boogaard.
13:39 of 3rd period - Stopped by Antti Niemi with a rebound.
14:07 of 3rd period - Wrist shot by Jean-Gabriel Pageau.
14:07 of 3rd period - Deflect By Daniel Sedin.
14:07 of 3rd period - Shot Misses the Net.
14:07 of 3rd period - Puck is out of play.
14:08 of 3rd period - Mike Ribeiro wins face-off versus Daniel Sedin in Canucks zone.
14:08 of 3rd period - Mike Ribeiro is hit by Steve Quailer.
14:22 of 3rd period - Wrist shot by Jean-Gabriel Pageau.
14:22 of 3rd period - Deflect By Daniel Sedin.
14:22 of 3rd period - Shot Misses the Net.
14:22 of 3rd period - Puck is out of play.
14:23 of 3rd period - Matt Stajan wins face-off versus Matt Duchene in Canucks zone.
14:23 of 3rd period - Matt Stajan is hit by Matt Irwin.
15:26 of 3rd period - Icing by Nik Antropov.
15:27 of 3rd period - Jonathan Matsumoto wins face-off versus Nik Antropov in Canucks zone.
15:31 of 3rd period - Minor Penalty to Alex Galchenyuk for Roughing.
15:32 of 3rd period - Mike Ribeiro wins face-off versus Jean-Gabriel Pageau in Panthers zone.
15:33 of 3rd period - Backhand shot by Jamie McBain.
15:33 of 3rd period - Stopped by Antti Niemi without a rebound.
15:34 of 3rd period - Mike Ribeiro wins face-off versus Jean-Gabriel Pageau in Panthers zone.
15:45 of 3rd period - Slapshot by Jamie McBain.
15:45 of 3rd period - Deflect By Clarke MacArthur.
15:45 of 3rd period - Shot Misses the Net.
15:45 of 3rd period - Puck is out of play.
15:46 of 3rd period - Jean-Gabriel Pageau wins face-off versus Mike Ribeiro in Panthers zone.
16:11 of 3rd period - Drew Stafford is hit by Jamie McBain and loses puck.
16:30 of 3rd period - Snap shot by Kyle Clifford.
16:30 of 3rd period - Stopped by Alex Stalock with a rebound.
16:32 of 3rd period - Slapshot by Mike Weber.
16:32 of 3rd period - Stopped by Alex Stalock with a rebound.
17:31 of 3rd period - Penalty to Alex Galchenyuk is over, Alex Galchenyuk is back on ice.
17:34 of 3rd period - Icing by Ladislav Smid.
17:35 of 3rd period - Jonathan Matsumoto wins face-off versus Mike Ribeiro in Canucks zone.
17:38 of 3rd period - Snap shot by Peter Worrell.
17:38 of 3rd period - Shot Misses the Net.
17:41 of 3rd period - Icing by Justin Falk.
17:42 of 3rd period - Jonathan Matsumoto wins face-off versus Mike Ribeiro in Canucks zone.
17:45 of 3rd period - Snap shot by Jonathan Matsumoto.
17:45 of 3rd period - Deflect By Peter Worrell.
17:45 of 3rd period - Stopped by Alex Stalock with a rebound.
17:53 of 3rd period - Slapshot by Justin Falk.
17:53 of 3rd period - Stopped by Antti Niemi without a rebound.
17:54 of 3rd period - Jean-Gabriel Pageau wins face-off versus Nik Antropov in Panthers zone.
17:54 of 3rd period - Jean-Gabriel Pageau is hit by Nik Antropov.
17:57 of 3rd period - Jonathan Sigalet is hit by Derek Boogaard and loses puck.
17:58 of 3rd period - Jonathan Sigalet from Panthers is injured at 17:58 of 3rd period (Sore Right Knee).
17:59 of 3rd period - Jean-Gabriel Pageau wins face-off versus Nik Antropov in neutral zone.
18:11 of 3rd period - Icing by Jamie McBain.
18:12 of 3rd period - Jean-Gabriel Pageau wins face-off versus Nik Antropov in Canucks zone.
18:15 of 3rd period - Wrist shot by Daniel Sedin.
18:15 of 3rd period - Shot Misses the Net.
18:25 of 3rd period - Jean-Gabriel Pageau is hit by Johan Franzen and loses puck.
18:44 of 3rd period - Snap shot by Nik Antropov.
18:44 of 3rd period - Shot Misses the Net.
18:46 of 3rd period - Canucks, Alex Stalock is pulled from the net.
18:46 of 3rd period - Slapshot by Johan Franzen.
18:46 of 3rd period - Shot Misses the Net.
18:48 of 3rd period - Snap shot by Johan Franzen.
18:48 of 3rd period - Stopped by Antti Niemi without a rebound.
18:49 of 3rd period - John Tortorella call a timeout for Canucks.
18:49 of 3rd period - Mike Ribeiro wins face-off versus Jean-Gabriel Pageau in Panthers zone.
19:11 of 3rd period - Slapshot by Brad Boyes.
19:11 of 3rd period - Shot Blocked by Drew Stafford.
19:35 of 3rd period - Wrist shot by Clarke MacArthur.
19:35 of 3rd period - Stopped by Antti Niemi without a rebound.
19:36 of 3rd period - Jean-Gabriel Pageau wins face-off versus Mike Ribeiro in Panthers zone.
19:36 of 3rd period - Jean-Gabriel Pageau is hit by Clarke MacArthur.
19:54 of 3rd period - Snap shot by Clarke MacArthur.
19:54 of 3rd period - Shot Misses the Net.
Goals for this period are 1 for Canucks vs 1 for Panthers.
Shots for this period are 13 for Canucks vs 11 for Panthers.
Back to the Top